 Dungeon Crawl Stone Soup version 0.32-a0-114-g70af1cc7 (webtiles) character file.

Game seed: 11789286727602917167

256 Dorkslayer the Ruffian (level 6, -17/42 HPs)
             Began as an Octopode Fighter on Feb 5, 2024.
             Demolished by an ogre
             ... wielding a +0 giant spiked club
              (36 damage)
             ... on level 3 of the Dungeon.
             The game lasted 00:05:33 (2129 turns).

Dorkslayer the Ruffian (Octopode Fighter)           Turns: 2129, Time: 00:05:34

Health: -17/42     AC:  1    Str: 18    XL:     6   Next: 16%
Magic:  6/6        EV: 13    Int: 10    God:
Gold:   55         SH:  5    Dex: 11    Spells: 5/5 levels left

rFire   . .          .
                       - Unarmed
rCold   . . .        a - +1 buckler
rNeg    . . .        (helmet restricted)
rPois   .            (no amulet)
rElec   .            g - ring of see invisible
rCorr   .            (no ring)
SInv    +            (no ring)
Will    .....        (no ring)
Stlth   +++          (no ring)
HPRegen 0.27/turn    (no ring)
MPRegen 0.10/turn    (no ring)
                     (no ring)

%: no passive effects
@: no status effects
A: almost no armour, amphibious, 8 rings, camouflage 1, gelatinous body 1,
(nimble swimmer 1), tentacles
a: no special abilities


You were on level 3 of the Dungeon.
You visited 1 branch of the dungeon, and saw 3 of its levels.
You also visited: Sewer.

You collected 104 gold pieces.
You spent 49 gold pieces at shops.

Inventory:

Hand Weapons
 m - a +2 war axe
Missiles
 n - 3 boomerangs (quivered)
Armour
 a - a +1 buckler (worn)
Jewellery
 g - a ring of see invisible (left tentacle)
Talismans
 e - a blade talisman
 f - a serpent talisman
Wands
 i - a wand of mindburst (9)
Scrolls
 c - a scroll of enchant armour
Potions
 b - 4 potions of might
 h - 2 potions of curing
 j - a potion of cancellation
 l - a potion of haste


   Skills:
 + Level 3.4 Fighting
 + Level 3.4 Dodging
 + Level 3.2 Stealth
 + Level 3.3 Shields
 * Level 4.0 Unarmed Combat
 * Level 1.6 Evocations
 * Level 1.6 Shapeshifting


You had 5 spell levels left.
You didn't know any spells.
Your spell library contained the following spells:

 Spells                   Type           Power      Damage    Failure   Level
 Apportation              Tloc           0%         N/A       43%         1
 Necrotise                Necr           0%         1d4       43%         1
 Sting                    Conj/Alch      0%         1d3       43%         1
 Summon Small Mammal      Summ           0%         N/A       43%         1
 Cigotuvi's Dreadful Rot  Necr/Alch/Air  0%         N/A       58%         2
 Jinxbite                 Hex            0%         N/A       58%         2
 Ignite Poison            Fire/Alch      0%         N/A       99%         4
 Alistair's Intoxication  Alch           0%         N/A       100%        5
 Freezing Cloud           Conj/Ice/Air   0%         6-21      100%        5


Dungeon Overview and Level Annotations

Branches:
Dungeon (3/15)              Sewer (visited)

Altars:

Shops:
D:2 *   D:3 (?


Innate Abilities, Weirdness & Mutations

You cannot wear most types of armour.
You are amphibious.
You can wear up to eight rings at the same time.
Your skin changes colour to match your surroundings (Stealth+).
Your rubbery body absorbs attacks. (AC +1, EV +1)
((You are camouflaged when in or above water. (Stealth+)))
You have tentacles for arms and can constrict up to eight enemies at once.


Message History

You open the door.
Found Tawypti's Weapon Shoppe.
There is an open door here.
You enter the deep water.
There is an entrance to Tawypti's Weapon Shoppe here.
There is an open door here.
Found a stone staircase leading up.
There is a stone staircase leading up here.
There is a stone staircase leading up here.
There is an open door here.
As you open the door, it creaks loudly!
There is an open door here.
Found a stone staircase leading down.
There is a stone staircase leading down here.
A quokka comes into view.
The quokka moves out of view.
There is an open door here.
There is an open door here.
Found an escape hatch in the floor.
You see here a beast talisman.
An adder comes into view.
The adder hisses angrily.
You bludgeon the adder! You grab the adder. You squeeze the adder.
You kill the adder!
Your Unarmed Combat skill increases to level 4!
An ogre comes into view. It is wielding a +0 giant spiked club.
The ogre closely misses you.
The ogre hits you with a +0 giant spiked club!
Aiming: Mindburst
Press: ? - help, Shift-Dir - straight line, f - ogre
Aim: an ogre, wielding a +0 giant spiked club (chance to affect: 71%)
The ogre's mind is blasted!
You barely miss the ogre.
The ogre is heavily wounded.
The ogre hits you with a +0 giant spiked club!
You tentacle-slap the ogre.
The ogre is severely wounded.
The ogre hits you with a +0 giant spiked club!!!
Ouch! That really hurt!
You die...

. ... #. .. #.##.
#...# # #.#.#
#.#####.#.# #
#.........# .#
#######O### #.#
#@#########.#
#..#.......##
#....###....#..#
##....#%#......#
#...##.##.#.#....
##...#.#....># ###
####..##.##..####.#
#.....#.#...## #.#
#.####.##..## #.#


You could see an ogre.

Vanquished Creatures
  Pargi (Sewer)
  A brain worm (Sewer)
  3 adders
  2 dart slugs
  An orc (D:3)
  6 endoplasms
  6 giant cockroaches
  7 goblins
  2 hobgoblins (D:3)
  3 kobolds
  2 quokkas
  8 ball pythons
  8 bats
  5 frilled lizards
  5 rats
60 creatures vanquished.

Notes
Turn   | Place    | Note
-------+----------+-------------------------------------------
     0 | D:1      | Dorkslayer the Octopode Fighter began the quest for the
                  | Orb.
     0 | D:1      | Reached XP level 1. HP: 16/16 MP: 1/1
   158 | D:1      | Reached XP level 2. HP: 18/21 MP: 2/2
   472 | D:1      | Found a faded altar of an unknown god.
   640 | D:2      | Reached XP level 3. HP: 23/26 MP: 3/3
   812 | D:2      | Found Veesofil's Assorted Antiques.
   829 | D:2      | Bought a scroll labelled NIN PEKUINO for 26 gold pieces
   829 | D:2      | Bought a viscous brown potion for 23 gold pieces
  1388 | D:3      | Found a glowing drain.
  1417 | Sewer    | Entered a sewer
  1454 | Sewer    | Noticed a brain worm
  1457 | Sewer    | Killed a brain worm
  1458 | Sewer    | Reached skill level 3 in Unarmed Combat
  1458 | Sewer    | Reached skill level 1 in Evocations
  1458 | Sewer    | Reached skill level 1 in Shapeshifting
  1458 | Sewer    | Reached XP level 4. HP: 31/31 MP: 4/4
  1458 | Sewer    | Reached XP level 5. HP: 36/36 MP: 5/5
  1561 | Sewer    | Noticed Pargi
  1570 | Sewer    | Killed Pargi
  1571 | Sewer    | Reached XP level 6. HP: 42/42 MP: 6/6
  1722 | D:3      | Found Buunaidi's Magic Scroll Emporium.
  1912 | D:3      | Found Tawypti's Weapon Shoppe.
  2122 | D:3      | Reached skill level 4 in Unarmed Combat
  2129 | D:3      | Demolished by an ogre

Illustrated notes

Levels and vault maps discovered:
D:1:      amcnicky_arrival_single_pillar, layout_rooms,
          ebering_ecumenical_altar_box
D:2:      layout_basic, serial_shops, shop
D:3:      layout_loops_corners, serial_shops, nicolae_shop_rolled_up,
          nicolae_shop_hallway_plus, nicolae_shop_rolled_up,
          gup_sewer_entry_glass, minmay_vboxes

Skill      XL: |  1  2  3  4  5  6 |
---------------+-------------------+-----
Stealth        | 2 3 |  3.2
Unarmed Combat | 3 4 |  4.0
Evocations     | 1 |  1.6
Shapeshifting  | 1 |  1.6
Fighting       | |  3.4
Dodging        | |  3.4
Shields        | |  3.3

Action                     |  1- 3 |  4- 6 || total
---------------------------+-------+-------++-------
  Melee: Unarmed           |    82 |    30 ||   112
         Tentacles         |    19 |     5 ||    24
         Constrict         |    18 |     6 ||    24
         Punch             |     3 |     2 ||     5
  Evoke: Wand              |     2 |     5 ||     7
    Use: Scroll            |     6 |     5 ||    11
   Stab: Sleeping          |     9 |     3 ||    12
 Armour: Skin              |    22 |    11 ||    33
  Dodge: Dodged            |    39 |    15 ||    54
  Block: Buckler           |    15 |     6 ||    21

Table legend: (Time is in decaauts)
 A = Elapsed time spent in this place.
 B = Non-inter-level travel time spent in this place.
 C = Inter-level travel time spent in this place.
 D = Time resting spent in this place.
 E = Time spent auto-exploring this place.
 F = Levels seen in this place.
 G = Mean time per level.
                   A        B        C        D        E       F      G
               +--------+--------+--------+--------+--------+-----+--------+
         Total |   2126 |   2126 |      0 |      0 |   1209 |   4 |  531.5 |
       Dungeon |   1872 |   1872 |      0 |      0 |   1096 |   3 |  624.0 |
         Sewer |    254 |    254 |      0 |      0 |    113 |   1 |  254.0 |
               +--------+--------+--------+--------+--------+-----+--------+

Top non-repeatable levels by time:
     D:2: 852 daAuts
     D:1: 522 daAuts
     D:3: 497 daAuts
   Sewer: 254 daAuts
